 Dungeon Crawl Stone Soup version 0.28.0-53-g5a82cb258f (webtiles) character file.

Game seed: 7863776244851449930

541 jiml777 the Grasshopper (level 7, -17/56 HPs)
             Began as a Gnoll Warper on July 19, 2022.
             Killed from afar by a steam dragon (21 damage)
             ... with a ball of steam
             ... on level 4 of the Dungeon.
             The game lasted 00:20:38 (4398 turns).

jiml777 the Grasshopper (Gnoll Warper)              Turns: 4398, Time: 00:20:38

Health: -17/56     AC: 14    Str: 10    XL:     7   Next: 26%
Magic:  13/15      EV: 17    Int: 15    God:
Gold:   210        SH:  0    Dex: 11    Spells: 6/17 levels left

rFire   . . .      SeeInvis .   a - +0 short sword (protect)
rCold   . . .      Faith    .   (no shield)
rNeg    . . .      Spirit   .   v - +2 leather armour {Will+}
rPois   .          Reflect  .   (no helmet)
rElec   .          Harm     .   y - +1 cloak
rCorr   .          Rampage  .   (no gloves)
Will    +....                   (no boots)
Stlth   ++........              (no amulet)
HPRegen 0.18/turn               o - +4 ring of evasion
MPRegen 0.14/turn               (no ring)

@: under a protective aura
A: fangs 1, strong nose, distributed training
a: no special abilities


You were on level 4 of the Dungeon.
You visited 1 branch of the dungeon, and saw 4 of its levels.

You collected 210 gold pieces.

Inventory:

Hand Weapons
 a - a +0 short sword of protection (weapon)
 g - a +2 dagger of venom
 w - a +0 dagger of electrocution
 B - a +3 quarterstaff of chaos
Missiles
 d - 5 boomerangs of dispersal (quivered)
 e - 130 stones
 i - 3 boomerangs
 j - 60 sling bullets
 m - 9 poisoned darts
 p - 51 bolts
 D - 20 arrows
Armour
 b - a +0 leather armour
 v - a +2 leather armour of willpower (worn)
 y - a +1 cloak (worn)
Magical Staves
 f - a staff of poison
 t - a staff of cold
Jewellery
 o - a +4 ring of evasion (left hand)
 r - a ring of fire
Scrolls
 c - a scroll of fear
 C - a scroll of magic mapping
Potions
 k - a potion of haste
 n - a potion of lignification {unknown}
 q - 3 potions of flight
 x - a potion of degeneration {unknown}
 z - a potion of attraction {unknown}
 A - a potion of mutation {unknown}


   Skills:
 + Level 5.2 Fighting
 + Level 5.2 Short Blades
 + Level 2.3 Long Blades
 + Level 2.3 Axes
 + Level 2.3 Maces & Flails
 + Level 2.3 Polearms
 + Level 2.3 Staves
 + Level 2.3 Slings
 + Level 2.3 Bows
 + Level 2.3 Crossbows
 + Level 3.5 Throwing
 + Level 3.5 Armour
 + Level 5.2 Dodging
 + Level 2.3 Stealth
 + Level 2.3 Shields
 + Level 2.3 Unarmed Combat
 + Level 5.5 Spellcasting
 + Level 1.9 Conjurations
 + Level 1.9 Hexes
 + Level 1.9 Summonings
 + Level 1.9 Necromancy
 + Level 5.8 Translocations
 + Level 1.9 Transmutations
 + Level 1.9 Fire Magic
 + Level 1.9 Ice Magic
 + Level 1.9 Air Magic
 + Level 1.9 Earth Magic
 + Level 1.9 Poison Magic
 + Level 2.6 Invocations
 + Level 2.3 Evocations


You had 6 spell levels left.
You knew the following spells:

 Your Spells              Type           Power      Damage    Failure   Level
a - Blink                 Tloc           42%        N/A       2%          2
b - Gell's Gravitas       Tloc           21%        N/A       5%          3
c - Lesser Beckoning      Tloc           21%        N/A       5%          3
d - Teleport Other        Tloc           21%        N/A       5%          3

Your spell library contained the following spells:

 Spells                   Type           Power      Damage    Failure   Level
 Manifold Assault         Tloc           21%        N/A       45%         5


Dungeon Overview and Level Annotations

Branches:
Dungeon (4/15)
 Temple: D:4-7

Altars:


Innate Abilities, Weirdness & Mutations

You have very sharp teeth.
Your uncanny sense of smell can sniff out nearby items.
Your experience applies equally to all skills.


Message History

* * * LOW HITPOINT WARNING * * *
The steam dragon closely misses you.
You hit the steam dragon but do no damage.
The steam dragon is heavily wounded.
The steam dragon barely misses you. The steam dragon misses you.
You barely miss the steam dragon.
The steam dragon is heavily wounded.
The steam dragon closely misses you.
The steam dragon claws you but does no damage.
You hit the steam dragon but do no damage.
The steam dragon is heavily wounded.
The steam dragon breathes steam at you. The ball of steam hits you!
* * * LOW HITPOINT WARNING * * *
Casting: Blink (safe; 2% risk of failure)
Confirm with . or Enter, or press ? or * to list all spells.
You blink.
You hit the steam dragon. Your bite misses the steam dragon.
The steam dragon is severely wounded.
You closely miss the steam dragon. Your bite misses the steam dragon.
The steam dragon is severely wounded.
The steam dragon barely misses you. The steam dragon closely misses you.
You closely miss the steam dragon. Your bite misses the steam dragon.
The steam dragon is severely wounded.
The steam dragon bites you but does no damage.
The steam dragon completely misses you.
You closely miss the steam dragon.
The steam dragon is severely wounded.
The steam dragon bites you.
* * * LOW HITPOINT WARNING * * *
The steam dragon claws you but does no damage.
You hit the steam dragon but do no damage.
The steam dragon is severely wounded.
You feel stable enough to blink again. The steam dragon barely misses you.
The steam dragon completely misses you.
You hit the steam dragon.
The steam dragon is almost dead.
The steam dragon breathes steam at you. The ball of steam hits you!!
You die...

...###.#.........###############.
#..*.#.#.........################
#..........................>....'
####.#.#...........##############
#.#o#....[........# #
#,#.#.............# #######
*,#.#######.......# #......
****'#.* #........# #......
,,,,...######...@....# #......
,,,,........#..D.....#****#......
,,,,........#(.......#*,,,.......
,,,,........'.......##*,,∆.....##
,,,,........#.....### *,,,.....#.
,,,,........#.....# *,∆,.....#)
,,,,........####### *,,,....,#.
,,,,........# ****+##**#.
****##......# *,* #.


You could see a steam dragon (catching breath).

Vanquished Creatures
  Sigmund (D:2)
  A steam dragon (D:4)
  2 orc priests
  Crazy Yiuf (D:3)
  An orc wizard (D:4)
  6 adders
  3 worms
  A dart slug (D:1)
  8 orcs
  10 endoplasms
  4 giant cockroaches
  4 hobgoblins
  4 ball pythons
  3 bats
  3 frilled lizards
  9 goblins
  6 kobolds
  7 rats
74 creatures vanquished.

Vanquished Creatures (others)
  An adder skeleton (D:4)
1 creature vanquished.

Grand Total: 75 creatures vanquished

Notes
Turn   | Place    | Note
-------+----------+-------------------------------------------
     0 | D:1      | jiml777 the Gnoll Warper began the quest for the Orb.
     0 | D:1      | Reached XP level 1. HP: 20/20 MP: 6/6
   185 | D:1      | Reached XP level 2. HP: 18/26 MP: 7/7
   188 | D:1      | Learned a level 2 spell: Blink
   659 | D:1      | Reached XP level 3. HP: 29/31 MP: 9/9
   868 | D:1      | Reached skill level 5 in Spellcasting
  1007 | D:2      | Reached skill level 1 in Invocations
  1233 | D:2      | Noticed Sigmund
  1750 | D:2      | Reached skill level 1 in Long Blades
  1750 | D:2      | Reached skill level 1 in Axes
  1750 | D:2      | Reached skill level 1 in Maces & Flails
  1750 | D:2      | Reached skill level 1 in Polearms
  1750 | D:2      | Reached skill level 1 in Staves
  1750 | D:2      | Reached skill level 1 in Slings
  1750 | D:2      | Reached skill level 1 in Bows
  1750 | D:2      | Reached skill level 1 in Crossbows
  1750 | D:2      | Reached skill level 1 in Stealth
  1750 | D:2      | Reached skill level 1 in Shields
  1750 | D:2      | Reached skill level 1 in Unarmed Combat
  1750 | D:2      | Reached skill level 1 in Evocations
  2072 | D:2      | Found a faded altar of an unknown god.
  2078 | D:2      | Reached XP level 4. HP: 38/38 MP: 11/11
  2082 | D:2      | Learned a level 3 spell: Gell's Gravitas
  2086 | D:2      | Learned a level 3 spell: Lesser Beckoning
  2090 | D:2      | Learned a level 3 spell: Teleport Other
  2204 | D:2      | Killed Sigmund
  2205 | D:2      | Reached skill level 1 in Conjurations
  2205 | D:2      | Reached skill level 1 in Hexes
  2205 | D:2      | Reached skill level 1 in Summonings
  2205 | D:2      | Reached skill level 1 in Necromancy
  2205 | D:2      | Reached skill level 1 in Transmutations
  2205 | D:2      | Reached skill level 1 in Fire Magic
  2205 | D:2      | Reached skill level 1 in Ice Magic
  2205 | D:2      | Reached skill level 1 in Air Magic
  2205 | D:2      | Reached skill level 1 in Earth Magic
  2205 | D:2      | Reached skill level 1 in Poison Magic
  2205 | D:2      | Reached XP level 5. HP: 25/43 MP: 12/12
  2525 | D:3      | Reached XP level 6. HP: 50/50 MP: 13/13
  3242 | D:3      | Found a runed translucent door.
  3243 | D:3      | Noticed Crazy Yiuf
  3255 | D:3      | Killed Crazy Yiuf
  3256 | D:3      | Reached skill level 5 in Fighting
  3256 | D:3      | Reached skill level 5 in Short Blades
  3256 | D:3      | Reached skill level 5 in Dodging
  3700 | D:4      | Noticed a steam dragon
  3731 | D:4      | Killed a steam dragon
  3732 | D:4      | Reached XP level 7. HP: 12/56 MP: 15/15
  4035 | D:4      | Noticed a steam dragon
  4398 | D:4      | Killed from afar by a steam dragon

Illustrated notes

Levels and vault maps discovered:
D:1:      nicolae_arrival_somewhat_less_tricky_arrival, layout_rooms,
          chequers_hall_statues_y, minmay_misc_feat_room
D:2:      layout_rooms, serial_curves, eino_curves_03, eino_curves_01,
          shapermc_ecumenical_altar_mp_vishouse, uniq_sigmund
D:3:      layout_basic, serial_rivers, chequers_serial_rivers_large_a,
          chequers_serial_rivers_room_b, chequers_serial_rivers_room_b,
          chequers_serial_rivers_room_b, chequers_serial_rivers_room_b,
          chequers_serial_rivers_micro_c, uniq_crazy_yiuf_cottage
D:4:      layout_basic, supply_closet_lemuel, minmay_tree_intersection

Skill      XL: |  1  2  3  4  5  6 |
---------------+-------------------+-----
Spellcasting   | 5 |  5.5
Invocations    | 1 2 |  2.6
Long Blades    | 1 2 |  2.3
Axes           | 1 2 |  2.3
Maces & Flails | 1 2 |  2.3
Polearms       | 1 2 |  2.3
Staves         | 1 2 |  2.3
Slings         | 1 2 |  2.3
Bows           | 1 2 |  2.3
Crossbows      | 1 2 |  2.3
Stealth        | 1 2 |  2.3
Shields        | 1 2 |  2.3
Unarmed Combat | 1 2 |  2.3
Evocations     | 1 2 |  2.3
Throwing       | 3 |  3.5
Armour         | 3 |  3.5
Conjurations   | 1 |  1.9
Hexes          | 1 |  1.9
Summonings     | 1 |  1.9
Necromancy     | 1 |  1.9
Transmutations | 1 |  1.9
Fire Magic     | 1 |  1.9
Ice Magic      | 1 |  1.9
Air Magic      | 1 |  1.9
Earth Magic    | 1 |  1.9
Poison Magic   | 1 |  1.9
Fighting       | 5 |  5.2
Short Blades   | 5 |  5.2
Dodging        | 5 |  5.2
Translocations | |  5.8

Action                   |  1- 3 |  4- 6 |  7- 9 || total
-------------------------+-------+-------+-------++-------
Melee: Short sword       |    36 |       |    56 ||    92
       Bite              |     7 |    22 |     7 ||    36
       Dagger            |    63 |   127 |     9 ||   199
       Punch             |       |     4 |     5 ||     9
 Cast: Blink             |       |       |     2 ||     2
  Use: Scroll            |       |     5 |     6 ||    11
       Potion            |       |     2 |     1 ||     3
 Stab: Sleeping          |     1 |     1 |       ||     2
Armor: Leather armour    |    22 |    11 |    17 ||    50
Dodge: Dodged            |    45 |    81 |    68 ||   194
